[ AOE2 MATCH · #505882133 ]
UnrankedEthiopians vs Slavs
Player's team · LOSS
Rival team · WIN
[ REPLAY ANALYSIS · EXTRACTED FROM THE RECORDED GAME ]
Feudal
13:14
Castle
21:34
Imperial
39:30
| APM avg | 77.1 |
| APM peak | 125 |
| eAPM avg | 40.2 |
| Villagers / military | 239 / 594 |
Focus
⚔️ 56.2% · 🌾 43.8%
Spearman ×315 · Archer ×154 · Shotel Warrior ×57 · Camel Scout ×18 · Scout Cavalry ×13 · Bombard Cannon ×12
Feudal
9:15
Castle
21:18
Imperial
39:04
| APM avg | 100.4 |
| APM peak | 163 |
| eAPM avg | 59.0 |
| Villagers / military | 272 / 469 |
Focus
⚔️ 52.0% · 🌾 48.0%
Militia ×207 · Knight ×55 · Battering Ram ×50 · Spearman ×47 · Scout Cavalry ×43 · Skirmisher ×37
Match map
Initial resources + every placement click. Lines = walls · curves = elevation contours. ◆ gold · ⬟ stone · ● berries · ✦ relic · ◌ wall gap
Your base· ✓ Closed at 21:34 · 55t walls · 1 gate(s)
VIT Liereyy's base· Open — opponent sealed themselves in
Smoothed initial terrain · ◌ = detected wall gap · hover for details
Inputs per minute
— TAG_Sitaux - - VIT Liereyy
Build order — TAG_Sitaux
First 150 of 1129 actions detected
| 0:00 | Create | Villager (Male) |
| 0:01 | Create | Villager (Male) |
| 0:01 | Build | House |
| 0:02 | Build | House |
| 0:10 | Create | Villager (Male) |
| 0:10 | Create | Villager (Male) |
| 1:30 | Create | Villager (Male) |
| 1:52 | Create | Villager (Male) |
| 1:52 | Create | Villager (Male) |
| 2:19 | Create | Villager (Male) |
| 2:38 | Build | House |
| 2:46 | Create | Villager (Male) |
| 3:14 | Build | Barracks |
| 3:16 | Create | Villager (Male) |
| 3:37 | Create | Villager (Male) |
| 4:09 | Create | Militia |
| 4:09 | Create | Militia |
| 4:14 | Create | Villager (Male) |
| 4:33 | Create | Villager (Male) |
| 4:44 | Build | House |
| 4:47 | Create | Militia |
| 5:04 | Create | Villager (Male) |
| 5:13 | Create | Militia |
| 5:14 | Create | Militia |
| 5:17 | Build | House |
| 5:25 | Create | Villager (Male) |
| 5:47 | Create | Villager (Male) |
| 6:03 | Create | Villager (Male) |
| 6:07 | Build | Lumber Camp |
| 6:43 | Create | Villager (Male) |
| 7:08 | Create | Villager (Male) |
| 7:18 | Build | Mill |
| 7:32 | Create | Villager (Male) |
| 7:49 | Build | House |
| 8:00 | Create | Villager (Male) |
| 8:04 | Build | Palisade Wall |
| 8:13 | Build | Mill |
| 8:27 | Create | Villager (Male) |
| 8:39 | Build | Farm |
| 8:48 | Create | Villager (Male) |
| 9:03 | Build | House |
| 9:04 | Build | Palisade Wall |
| 9:09 | Build | Palisade Wall |
| 9:15 | Research | Loom |
| 9:15 | Research | Loom |
| 9:23 | Build | Palisade Wall |
| 9:24 | Build | Palisade Wall |
| 9:32 | Build | Farm |
| 9:36 | Build | House |
| 9:36 | Build | Palisade Wall |
| 9:44 | Create | Villager (Male) |
| 10:05 | Create | Villager (Male) |
| 10:11 | Build | Farm |
| 10:31 | Create | Villager (Male) |
| 11:04 | Research | Feudal Age |
| 11:34 | Build | Mining Camp |
| 12:02 | Build | Palisade Wall |
| 12:26 | Build | Farm |
| 12:58 | Build | Lumber Camp |
| 13:05 | Build | House |
| 13:08 | Build | House |
| 13:14 | Create | Villager (Male) |
| 13:14 | Age | Feudal Age |
| 13:16 | Build | Watch Tower |
| 13:19 | Build | Archery Range |
| 13:20 | Research | Double-Bit Axe |
| 13:30 | Build | Stone Wall |
| 13:32 | Create | Villager (Male) |
| 13:35 | Build | Stone Wall |
| 13:46 | Build | Palisade Wall |
| 13:47 | Create | Villager (Male) |
| 14:05 | Build | House |
| 14:09 | Build | House |
| 14:14 | Build | Farm |
| 14:14 | Create | Skirmisher |
| 14:17 | Create | Villager (Male) |
| 14:26 | Build | House |
| 14:27 | Create | Skirmisher |
| 14:28 | Create | Villager (Male) |
| 14:53 | Create | Villager (Male) |
| 14:53 | Create | Villager (Male) |
| 14:57 | Build | Blacksmith |
| 14:58 | Build | House |
| 15:04 | Build | Farm |
| 15:06 | Create | Skirmisher |
| 15:16 | Create | Villager (Male) |
| 15:24 | Build | Market |
| 15:27 | Create | Villager (Male) |
| 15:29 | Create | Skirmisher |
| 15:30 | Create | Skirmisher |
| 15:50 | Build | Farm |
| 15:52 | Build | Farm |
| 15:54 | Create | Villager (Male) |
| 15:56 | Research | Fletching |
| 15:56 | Research | Padded Archer Armor |
| 16:14 | Build | Palisade Wall |
| 16:15 | Build | Palisade Wall |
| 16:24 | Create | Skirmisher |
| 16:39 | Build | Farm |
| 16:40 | Build | Farm |
| 16:42 | Build | Farm |
| 16:44 | Build | Farm |
| 17:12 | Create | Archer |
| 17:14 | Create | Villager (Male) |
| 17:17 | Build | Farm |
| 17:32 | Build | Farm |
| 17:49 | Create | Villager (Male) |
| 18:19 | Create | Villager (Male) |
| 18:24 | Create | Archer |
| 18:28 | Build | Archery Range |
| 18:40 | Build | Farm |
| 18:42 | Build | Farm |
| 18:54 | Research | Castle Age |
| 18:54 | Research | Castle Age |
| 19:04 | Build | Palisade Gate |
| 19:13 | Research | Horse Collar |
| 19:20 | Create | Archer |
| 19:25 | Build | Mining Camp |
| 19:40 | Create | Archer |
| 19:44 | Build | House |
| 19:58 | Create | Archer |
| 20:20 | Create | Archer |
| 20:22 | Research | Gold Mining |
| 20:41 | Build | Outpost |
| 20:43 | Create | Archer |
| 20:52 | Build | Stable |
| 20:59 | Research | Scale Barding Armor |
| 21:02 | Create | Archer |
| 21:12 | Create | Archer |
| 21:13 | Create | Archer |
| 21:34 | Age | Castle Age |
| 21:41 | Research | Forging |
| 21:42 | Research | Bodkin Arrow |
| 21:45 | Research | Crossbowman (upgrade) |
| 21:49 | Create | Knight |
| 21:50 | Create | Villager (Male) |
| 22:00 | Create | Knight |
| 22:23 | Create | Villager (Male) |
| 22:29 | Create | Archer |
| 22:31 | Create | Archer |
| 22:37 | Create | Knight |
| 22:43 | Create | Villager (Male) |
| 22:49 | Create | Knight |
| 22:55 | Build | Town Center |
| 23:00 | Create | Archer |
| 23:00 | Create | Archer |
| 23:13 | Create | Villager (Male) |
| 23:19 | Create | Archer |
| 23:27 | Create | Villager (Male) |
| 23:29 | Create | Archer |
Build order — VIT Liereyy
First 150 of 1133 actions detected
| 0:00 | Create | Villager (Male) |
| 0:01 | Build | House |
| 0:02 | Build | House |
| 0:15 | Create | Villager (Male) |
| 0:16 | Create | Villager (Male) |
| 0:20 | Create | Villager (Male) |
| 1:26 | Create | Villager (Male) |
| 1:27 | Create | Villager (Male) |
| 1:57 | Create | Villager (Male) |
| 1:57 | Create | Villager (Male) |
| 2:06 | Build | Lumber Camp |
| 2:12 | Create | Villager (Male) |
| 2:46 | Create | Villager (Male) |
| 3:13 | Create | Villager (Male) |
| 3:13 | Create | Villager (Male) |
| 3:32 | Create | Villager (Male) |
| 3:38 | Build | House |
| 3:56 | Create | Villager (Male) |
| 4:05 | Build | Mill |
| 4:25 | Create | Villager (Male) |
| 4:43 | Create | Villager (Male) |
| 4:55 | Create | Villager (Male) |
| 5:26 | Create | Villager (Male) |
| 5:48 | Research | Loom |
| 5:48 | Create | Villager (Male) |
| 6:40 | Create | Villager (Male) |
| 7:01 | Build | Mill |
| 7:05 | Research | Feudal Age |
| 7:45 | Build | Palisade Wall |
| 7:47 | Build | Palisade Wall |
| 7:48 | Build | Palisade Wall |
| 7:57 | Build | Palisade Wall |
| 7:59 | Build | Palisade Wall |
| 8:01 | Build | Palisade Wall |
| 8:04 | Build | House |
| 8:19 | Create | Villager (Male) |
| 8:24 | Build | Barracks |
| 8:26 | Build | Palisade Wall |
| 8:28 | Build | Palisade Wall |
| 8:30 | Build | Palisade Wall |
| 8:34 | Build | Palisade Wall |
| 9:15 | Age | Feudal Age |
| 9:23 | Build | Archery Range |
| 9:25 | Create | Villager (Male) |
| 9:29 | Research | Double-Bit Axe |
| 9:50 | Create | Villager (Male) |
| 10:01 | Build | Palisade Gate |
| 10:09 | Create | Villager (Male) |
| 10:10 | Build | Mining Camp |
| 10:15 | Create | Archer |
| 10:30 | Create | Villager (Male) |
| 10:54 | Create | Skirmisher |
| 10:55 | Build | House |
| 10:55 | Create | Villager (Male) |
| 11:03 | Create | Spearman |
| 11:10 | Build | Farm |
| 11:25 | Create | Villager (Male) |
| 11:27 | Build | Farm |
| 11:35 | Build | House |
| 11:45 | Build | Farm |
| 11:53 | Create | Archer |
| 12:00 | Create | Villager (Male) |
| 12:14 | Build | Farm |
| 12:21 | Create | Villager (Male) |
| 12:26 | Create | Archer |
| 12:40 | Build | Palisade Wall |
| 12:49 | Create | Villager (Male) |
| 12:53 | Build | Blacksmith |
| 13:11 | Build | Farm |
| 13:12 | Create | Villager (Male) |
| 13:34 | Build | House |
| 13:38 | Build | Farm |
| 13:41 | Build | Farm |
| 13:41 | Research | Fletching |
| 13:47 | Create | Villager (Male) |
| 13:56 | Create | Archer |
| 14:05 | Build | Farm |
| 14:05 | Create | Villager (Male) |
| 14:10 | Build | House |
| 14:26 | Build | Farm |
| 14:30 | Create | Villager (Male) |
| 14:32 | Create | Archer |
| 14:42 | Build | House |
| 14:58 | Build | Farm |
| 14:59 | Create | Villager (Male) |
| 15:05 | Create | Archer |
| 15:21 | Build | House |
| 15:26 | Research | Horse Collar |
| 15:27 | Create | Villager (Male) |
| 15:34 | Create | Archer |
| 15:48 | Build | Farm |
| 15:48 | Create | Villager (Male) |
| 15:53 | Build | House |
| 16:18 | Create | Villager (Male) |
| 16:36 | Build | House |
| 16:37 | Build | Palisade Wall |
| 16:44 | Build | Farm |
| 16:44 | Create | Villager (Male) |
| 16:48 | Build | Farm |
| 16:58 | Build | Palisade Wall |
| 17:18 | Create | Villager (Male) |
| 17:20 | Build | Farm |
| 17:22 | Create | Skirmisher |
| 17:29 | Build | House |
| 17:32 | Build | Outpost |
| 17:37 | Build | Farm |
| 17:41 | Build | House |
| 17:43 | Create | Villager (Male) |
| 17:58 | Create | Skirmisher |
| 18:02 | Build | Palisade Wall |
| 18:06 | Build | Lumber Camp |
| 18:09 | Create | Villager (Male) |
| 18:29 | Create | Skirmisher |
| 18:38 | Research | Castle Age |
| 18:50 | Create | Skirmisher |
| 19:03 | Research | Padded Archer Armor |
| 19:03 | Research | Padded Archer Armor |
| 19:14 | Build | House |
| 19:17 | Create | Skirmisher |
| 19:24 | Build | Palisade Wall |
| 19:39 | Build | Stable |
| 19:40 | Create | Skirmisher |
| 19:45 | Build | Farm |
| 19:46 | Create | Villager (Male) |
| 19:47 | Build | Farm |
| 20:17 | Create | Skirmisher |
| 20:42 | Create | Scout Cavalry |
| 20:47 | Create | Skirmisher |
| 21:18 | Age | Castle Age |
| 21:22 | Build | Siege Workshop |
| 21:23 | Research | Bodkin Arrow |
| 21:29 | Build | Town Center |
| 21:30 | Create | Villager (Male) |
| 21:34 | Build | Town Center |
| 21:44 | Create | Knight |
| 21:54 | Create | Villager (Male) |
| 22:00 | Research | Leather Archer Armor |
| 22:00 | Research | Leather Archer Armor |
| 22:16 | Research | Elite Skirmisher (upgrade) |
| 22:22 | Create | Villager (Male) |
| 22:24 | Create | Skirmisher |
| 22:39 | Create | Villager (Male) |
| 22:45 | Create | Knight |
| 22:47 | Build | Farm |
| 22:53 | Research | Bow Saw |
| 23:00 | Create | Villager (Male) |
| 23:26 | Create | Villager (Male) |
| 23:29 | Build | Monastery |
| 23:33 | Create | Villager (Male) |
| 23:33 | Create | Villager (Male) |
Match timeline
| 3:14 | TAG_Sitaux · first_building Barracks |
| 7:45 | VIT Liereyy · wall_segment Palisade Wall x1 |
| 7:47 | VIT Liereyy · wall_segment Palisade Wall x1 |
| 7:48 | VIT Liereyy · wall_segment Palisade Wall x1 |
| 7:57 | VIT Liereyy · wall_segment Palisade Wall x1 |
| 7:59 | VIT Liereyy · wall_segment Palisade Wall x1 |
| 8:01 | VIT Liereyy · wall_segment Palisade Wall x1 |
| 8:04 | TAG_Sitaux · wall_segment Palisade Wall x12 |
| 8:24 | VIT Liereyy · first_building Barracks |
| 8:26 | VIT Liereyy · wall_segment Palisade Wall x1 |
| 8:28 | VIT Liereyy · wall_segment Palisade Wall x1 |
| 8:30 | VIT Liereyy · wall_segment Palisade Wall x1 |
| 8:34 | VIT Liereyy · wall_segment Palisade Wall x1 |
| 9:04 | TAG_Sitaux · wall_segment Palisade Wall x1 |
| 9:09 | TAG_Sitaux · wall_segment Palisade Wall x7 |
| 9:15 | VIT Liereyy · age_up feudal |
| 9:23 | VIT Liereyy · first_building Archery Range |
| 9:23 | TAG_Sitaux · wall_segment Palisade Wall x7 |
| 9:24 | TAG_Sitaux · wall_segment Palisade Wall x1 |
| 9:36 | TAG_Sitaux · wall_segment Palisade Wall x6 |
| 12:02 | TAG_Sitaux · wall_segment Palisade Wall x1 |
| 12:40 | VIT Liereyy · wall_segment Palisade Wall x1 |
| 13:14 | TAG_Sitaux · age_up feudal |
| 13:19 | TAG_Sitaux · first_building Archery Range |
| 13:30 | TAG_Sitaux · wall_segment Stone Wall x11 |
| 13:35 | TAG_Sitaux · wall_segment Stone Wall x7 |
| 13:46 | TAG_Sitaux · wall_segment Palisade Wall x2 |
| 16:14 | TAG_Sitaux · wall_segment Palisade Wall x1 |
| 16:15 | TAG_Sitaux · wall_segment Palisade Wall x1 |
| 16:37 | VIT Liereyy · wall_segment Palisade Wall x7 |
| 16:58 | VIT Liereyy · wall_segment Palisade Wall x6 |
| 17:24 | TAG_Sitaux · first_market_sell 500 wood |
| 17:25 | TAG_Sitaux · first_market_buy 100 food |
| 18:02 | VIT Liereyy · wall_segment Palisade Wall x10 |
| 19:24 | VIT Liereyy · wall_segment Palisade Wall x1 |
| 19:39 | VIT Liereyy · first_building Stable |
| 20:52 | TAG_Sitaux · first_building Stable |
| 21:18 | VIT Liereyy · age_up castle |
| 21:22 | VIT Liereyy · first_building Siege Workshop |
| 21:34 | TAG_Sitaux · age_up castle |
| 23:29 | VIT Liereyy · first_building Monastery |
| 33:59 | VIT Liereyy · first_building Castle |
| 36:01 | TAG_Sitaux · first_building Monastery |
| 37:21 | TAG_Sitaux · wall_segment Stone Wall x7 |
| 37:40 | TAG_Sitaux · wall_segment Stone Wall x2 |
| 37:41 | TAG_Sitaux · wall_segment Stone Wall x6 |
| 37:58 | TAG_Sitaux · wall_segment Stone Wall x21 |
| 38:27 | TAG_Sitaux · first_building Castle |
| 38:42 | TAG_Sitaux · wall_segment Stone Wall x14 |
| 39:04 | VIT Liereyy · age_up imperial |
| 39:30 | TAG_Sitaux · age_up imperial |
| 40:19 | TAG_Sitaux · wall_segment Stone Wall x1 |
| 40:29 | TAG_Sitaux · wall_segment Stone Wall x1 |
| 40:34 | TAG_Sitaux · first_building Siege Workshop |
| 42:23 | TAG_Sitaux · wall_segment Stone Wall x14 |
| 43:39 | VIT Liereyy · first_market_sell 100 food |
| 45:39 | VIT Liereyy · first_market_buy 100 wood |
| 46:29 | TAG_Sitaux · wall_segment Stone Wall x6 |
| 64:12 | TAG_Sitaux · resign |
[ AI ANALYSIS · 1 CREDIT ]
What really happened in this match?
Wolo.gg analyzes every decision: build order, eco, micro, common mistakes by bracket. Personalized analysis on WhatsApp or Discord in 30 seconds.
Civ guide
Ethiopians
Perfil
Jugador #212721